 Dungeon Crawl Stone Soup version 0.23.1 (webtiles) character file.

Game seed: 8939984502418146364

111 Chiseanne the Ducker (level 4, -5/33 HPs)
             Began as an Octopode Monk on Mar 3, 2019.
             Slain by an orc
             ... wielding a +0 club
              (7 damage)
             ... on level 3 of the Dungeon.
             The game lasted 00:03:05 (2141 turns).

Chiseanne the Ducker (Octopode Monk)                Turns: 2141, Time: 00:03:05

Health: -5/33      AC:  1    Str:  8 (10) XL:     4   Next: 92%
Magic:  7/7        EV: 15    Int: 10 (12) God:
Gold:   58         SH:  0    Dex: 13 (15) Spells: 7/7 levels left

rFire    . . .     SeeInvis .   a - +0 hand axe
rCold    . . .     Gourm    .   (no shield)
rNeg     . . .     Faith    .   (helmet restricted)
rPois    .         Spirit   .   n - amulet of harm
rElec    .         Reflect  .   (no ring)
rCorr    .         Harm     +   (no ring)
MR       .....                  (no ring)
Stlth    +++.......             (no ring)
HPRegen  0.11/turn              (no ring)
MPRegen  0.10/turn              (no ring)
                                (no ring)
                                (no ring)

@: no status effects
A: almost no armour, stealthy swim, amphibious, 8 rings, constrict 8, camouflage
1, gelatinous body 1
a: no special abilities


You were on level 3 of the Dungeon.
You were hungry.

You visited 1 branch of the dungeon, and saw 3 of its levels.

You collected 58 gold pieces.

Inventory:

Hand Weapons
 a - a +0 hand axe (weapon)
 m - a +0 club
Missiles
 i - 72 stones (quivered)
 p - 24 arrows
Jewellery
 n - an amulet of harm (around mantle)
Scrolls
 c - a scroll of fog {unknown}
 g - a scroll of enchant weapon {unknown}
 k - 2 scrolls of amnesia {unknown}
 l - a scroll of identify
 q - 2 scrolls of remove curse
Potions
 d - a potion of degeneration
 f - a potion of curing
 h - a potion of mutation {unknown}
 j - 2 potions of agility {unknown}
Comestibles
 b - 11 rations


   Skills:
 * Level 3.9 Fighting
 - Level 3.0 Axes
 * Level 3.9 Dodging
 - Level 2.6 Stealth
 * Level 2.1 Spellcasting


You had 7 spell levels left.
You didn't know any spells.
Your spell library was empty.

Dungeon Overview and Level Annotations

Branches:
Dungeon (3/15)

Altars:


Innate Abilities, Weirdness & Mutations

You cannot wear most types of armour.
You are very stealthy in the water. (Stealth+)
You are amphibious.
You can wear up to eight rings at the same time.
You can use your tentacles to constrict eight enemies at once.
Your skin changes colour to match your surroundings (Stealth+).
Your rubbery body absorbs attacks. (AC +1, EV +1)


Message History

The orc closely misses you. The orc priest hits you with a +0 whip.
You hit the orc priest but do no damage.
The orc priest is lightly wounded.
You hit the orc. You constrict the orc priest. The orc hits you with a +0 club.
The orc priest escapes!
You hit the orc priest but do no damage.
Your grab misses the orc priest. You squeeze the orc priest.
The orc priest is moderately wounded.
You barely miss the orc. The orc hits you with a +0 club.
The orc priest calls upon Beogh to heal the orc.
The orc's wounds heal themselves!
The orc throws a tomahawk.
The tomahawk hits you!
* * * LOW HITPOINT WARNING * * *
You hit the orc priest but do no damage.
You grab the orc priest.
The orc priest is moderately wounded.
You hit the orc but do no damage.
You constrict the orc priest, but do no damage.
The orc hits you with a +0 club.
You die...

...# # ####...#
.. ####..$...# #.
#.........#
#?.##........$#
#..[......(..#
##..<....?..#
#........?..#
#.#..o@..#### #
#.##.o.#
...#.o.##
...>#..#.# #####
#...#..##)##.....
#..##.# #.#......
....#. ##........
.......
#....o.... #..
..# #.#)......


You could see an orc priest and 2 orcs.

Vanquished Creatures
  4 adders
  4 worms
  A dart slug (D:1)
  4 orcs
  8 bats
  3 giant cockroaches
  2 goblins
  8 hobgoblins
  10 jackals
  3 ball pythons
  2 frilled lizards
  4 kobolds
  2 rats
55 creatures vanquished.

Notes
Turn   | Place    | Note
-------+----------+-------------------------------------------
     0 | D:1      | Chiseanne the Octopode Monk began the quest for the Orb.
     0 | D:1      | Reached XP level 1. HP: 16/16 MP: 1/1
    55 | D:1      | Reached XP level 2. HP: 21/21 MP: 2/2
   438 | D:2      | Reached skill level 1 in Spellcasting
   438 | D:2      | Reached XP level 3. HP: 17/26 MP: 4/4
  1187 | D:2      | Reached XP level 4. HP: 33/33 MP: 6/6
  2140 | D:3      | HP: 1/33 [orc/tomahawk (10)]
  2141 | D:3      | Slain by an orc

Skill      XL: |  1  2  3  4 |
---------------+-------------+-----
Spellcasting   | 1 2 |  2.1
Fighting       | |  3.9
Axes           | |  3.0
Dodging        | |  3.9
Stealth        | |  2.6

Action                   |  1- 3 |  4- 6 || total
-------------------------+-------+-------++-------
Melee: Hand axe          |    50 |    72 ||   122
       Constrict         |    18 |    21 ||    39
       Tentacles         |     9 |    14 ||    23
  Use: Scroll            |     1 |     1 ||     2
       Potion            |       |     3 ||     3
 Stab: Sleeping          |     8 |     1 ||     9
  Eat: Chunk             |       |     3 ||     3
Armor: Skin              |     5 |     8 ||    13
Dodge: Dodged            |    31 |    76 ||   107
